 Dungeon Crawl Stone Soup version 0.26-a0-812-g31a745ddcd (webtiles) character file.

Game seed: 8043292084592955639

940 Dracia the Spear-Bearer (level 8, -5/87 HPs)
             Began as a Merfolk Gladiator on Dec 9, 2020.
             Killed from afar by Dowan (17 damage)
             ... with a stone arrow
             ... on level 5 of the Dungeon.
             The game lasted 00:07:47 (4409 turns).

Dracia the Spear-Bearer (Merfolk Gladiator)         Turns: 4409, Time: 00:07:48

Health: -5/87      AC: 24    Str: 12    XL:     8   Next: 12%
Magic:  8/8        EV:  2    Int: 10    God:
Gold:   57         SH:  5    Dex: 15    Spells: 7/7 levels left

rFire    . . .     SeeInvis .   a - +1 trident
rCold    . . .     Faith    .   (no shield)
rNeg     + + +     Spirit   .   (armour currently unavailable)
rPois    +         Reflect  +   (helmet currently unavailable)
rElec    .         Harm     .   (cloak currently unavailable)
rCorr    .         Rampage  .   (gloves currently unavailable)
MR       .....     NoTele   +   (boots currently unavailable)
Stlth    +.........             f - amulet of reflection
HPRegen  0.24/turn              (no ring)
MPRegen  0.11/turn              (no ring)

@: tree-form
A: (change form in water), (swift swim), (stealthy swim), weak 1
a: no special abilities


You were on level 5 of the Dungeon.
You were a tree.
You visited 1 branch of the dungeon, and saw 5 of its levels.

You collected 294 gold pieces.
You spent 237 gold pieces at shops.


Innate Abilities, Weirdness & Mutations

((You revert to your normal form in water.))
((You are very nimble and swift while swimming.))
((You are very stealthy in the water. (Stealth+)))
((You are partially covered in icy blue scales. (AC +2)))
You are weak. (Str -2)


   Skills:
 - Level 3.0 Fighting
 + Level 12.8 Polearms
 - Level 2.0 Throwing
 - Level 4.0 Dodging


You had 7 spell levels left.
You didn't know any spells.
Your spell library was empty.

Inventory:

Hand Weapons
 a - a +1 trident (weapon)
 q - a +1 vampiric short sword
Missiles
 d - 3 throwing nets {=f=f}
 l - 8 poisoned darts (quivered)
Armour
 b - a +0 leather armour (melded)
 c - a +2 helmet (melded)
 e - a scarf of resistance (melded)
 p - the +2 pair of gloves "Husut" (melded) {Harm rCorr}
   (You bought it in a shop on level 5 of the Dungeon)

   It provides partial protection from all sources of acid and corrosion.
   It increases damage dealt and taken.
 r - a +0 pair of boots (melded)
Magical Staves
 s - an uncursed staff of earth {!a!a, unknown}
Jewellery
 f - an amulet of reflection (around neck)
 t - an uncursed amulet of magic regeneration
Wands
 v - a wand of acid (5)
Scrolls
 i - 2 scrolls of identify {@r1@r1}
 k - a scroll of magic mapping
 n - 5 scrolls of teleportation {@r4@r4}
 o - a scroll of remove curse {@r2@r2}
Potions
 g - a potion of might
 h - a potion of flight
 j - a potion of lignification
 m - 2 potions of curing {@q1@q1}
 u - a potion of magic {unknown}

Dungeon Overview and Level Annotations

Branches:
Dungeon (5/15)
 Temple: D:4-7

Altars:

Shops:
D:5 [

Annotations:
D:5 Dowan

.......#.# ####...#.# .#
#.#.#.## .# #......# .#
######..#.# .. ...
####'### .##### ####
#≈≈.≈≈# .....
##.##≈⌠.⌠≈#####..# .
....'..∩..+..)♣.>#
##.#..#≈⌠.⌠≈####§######.
..###≈≈.≈≈#..........$ .
###'###.e..$......
####.)##)...........
+......))...........
#####.###........... #.#
#...........
#..##...........


You could see Dowan (fast).


Message History

Duvessa is almost dead.
Duvessa hits you but does no damage. Dowan hits you but does no damage.
You barely miss Duvessa.
Duvessa is almost dead.
Duvessa hits you but does no damage.
Unknown command.
You hit Duvessa.
You kill Duvessa!
Dowan's eyes darken. "You have made a black mistake."
Dowan seems to find hidden reserves of power!
You hear the hiss of a very distant avalanche of sand.
Dowan casts a spell at you. The stone arrow hits you!
* * * LOW HITPOINT WARNING * * *
You puncture Dowan!
Dowan is moderately wounded.
Dowan says, "Magic will overcome all!"
Dowan hits you but does no damage.
You hit Dowan but do no damage.
Dowan is moderately wounded.
Dowan casts a spell.
Dowan blinks!
You cannot move.
Unknown command.
Dowan points at you and mumbles some strange words.
The shard of ice hits you.
* * * LOW HITPOINT WARNING * * *
Dowan casts a spell at you. The stone arrow hits you!
You die...

Skill      XL: |  1  2  3  4  5  6  7 |
---------------+----------------------+-----
Fighting       | 3 |  3.0
Polearms       | 5 6 7 9 10 12 | 12.8
Throwing       | |  2.0
Dodging        | |  4.0

Action                   |  1- 3 |  4- 6 |  7- 9 || total
-------------------------+-------+-------+-------++-------
Melee: Trident           |   138 |   206 |    78 ||   422
  Use: Potion            |     6 |     3 |     2 ||    11
       Scroll            |     4 |     5 |     2 ||    11
 Stab: Sleeping          |     5 |     3 |       ||     8
Armor: Leather armour    |    31 |    35 |    18 ||    84
       Skin              |       |       |    18 ||    18
Dodge: Dodged            |    66 |    64 |    21 ||   151
Block: Other             |     5 |    38 |    13 ||    56
       Reflection        |       |     3 |       ||     3

Levels and vault maps discovered:
D:1:      minmay_arrival_three_doors, layout_loops_cross
D:2:      layout_loops_ring
D:3:      layout_loops_ring, kennysheep_pointless_box
D:4:      layout_rooms
D:5:      minmay_polygon_palace, layout_basic,
          nicolae_gozag_cash_rules_everything_around_me,
          gup_ossuary_entry_pyramid, serial_shops, kennysheep_little_box,
          uniq_duvessa, uniq_edmund, uniq_sigmund, uniq_grinder

Notes
Turn   | Place    | Note
-------+----------+-------------------------------------------
     0 | D:1      | Dracia the Merfolk Gladiator began the quest for the Orb.
     0 | D:1      | Reached XP level 1. HP: 16/16 MP: 1/1
   145 | D:1      | Reached XP level 2. HP: 23/23 MP: 2/2
   483 | D:1      | Reached skill level 3 in Fighting
   483 | D:1      | Reached skill level 5 in Polearms
   587 | D:1      | Reached XP level 3. HP: 29/29 MP: 3/3
  1141 | D:2      | You fall into a shaft and drop 1 floor!
  1211 | D:2      | Reached skill level 6 in Polearms
  1491 | D:2      | Reached XP level 4. HP: 18/35 MP: 4/4
  2241 | D:3      | Reached skill level 7 in Polearms
  2605 | D:3      | Reached XP level 5. HP: 41/41 MP: 5/5
  2622 | D:3      | Reached skill level 8 in Polearms
  3049 | D:3      | Gained mutation: You are weak. (Str -2) [potion of
                  | mutation]
  3049 | D:3      | Gained mutation: You are partially covered in icy blue
                  | scales. (AC +2) [potion of mutation]
  3402 | D:4      | Reached skill level 9 in Polearms
  3402 | D:4      | Reached XP level 6. HP: 24/47 MP: 6/6
  3664 | D:4      | Reached skill level 10 in Polearms
  3792 | D:4      | Identified a scarf of resistance (You found it on level 4
                  | of the Dungeon)
  3864 | D:4      | Reached XP level 7. HP: 41/52 MP: 7/7
  4082 | D:5      | Entered Level 5 of the Dungeon
  4131 | D:5      | Found Yrylese's Antique Armour Emporium.
  4136 | D:5      | Bought a pair of crude gloves for 237 gold pieces
  4136 | D:5      | Identified the +2 pair of gloves "Husut" {Harm rCorr} (You
                  | bought it in a shop on level 5 of the Dungeon)
  4168 | D:5      | Reached skill level 11 in Polearms
  4343 | D:5      | Noticed Grinder
  4351 | D:5      | Noticed Dowan
  4352 | D:5      | Noticed Duvessa
  4354 | D:5      | Killed Grinder
  4354 | D:5      | Reached skill level 12 in Polearms
  4360 | D:5      | Reached XP level 8. HP: 30/58 MP: 8/8
  4405 | D:5      | Killed Duvessa
  4409 | D:5      | Killed from afar by Dowan

Vanquished Creatures
  Grinder (D:5)
  Duvessa (D:5)
  2 ogres
  A water moccasin skeleton (D:4)
  A howler monkey (D:4)
  A jelly (D:5)
  A centaur skeleton (D:4)
  A bullfrog skeleton (D:4)
  3 worker ants
  A hound skeleton (D:4)
  9 gnolls
  A howler monkey skeleton (D:4)
  4 adders
  An ooze (D:2)
  2 worms
  A dart slug (D:1)
  A leopard gecko (D:4)
  2 orcs
  A ball python (D:2)
  A giant cockroach (D:3)
  9 goblins
  3 hobgoblins
  10 jackals
  13 kobolds
  2 quokkas
  11 bats
  11 rats
95 creatures vanquished.

Table legend: (Time is in decaauts)
 A = Elapsed time spent in this place.
 B = Non-inter-level travel time spent in this place.
 C = Inter-level travel time spent in this place.
 D = Time resting spent in this place.
 E = Time spent auto-exploring this place.
 F = Levels seen in this place.
 G = Mean time per level.
                   A        B        C        D        E       F      G
               +--------+--------+--------+--------+--------+-----+--------+
         Total |   4370 |   4262 |    108 |    649 |   2827 |   5 |  874.0 |
       Dungeon |   4370 |   4262 |    108 |    649 |   2827 |   5 |  874.0 |
               +--------+--------+--------+--------+--------+-----+--------+

Top non-repeatable levels by time:
     D:3: 1166 daAuts
     D:1: 1104 daAuts
     D:2: 1017 daAuts
     D:4: 776 daAuts
     D:5: 305 daAuts

Table legend:
 A = Non-vault XP
 B = Vault XP
 C = Vault XP percentage of total XP
 D = Non-vault monster count
 E = Vault monster count
 F = Vault count percentage of total count
                 A         B        C        D         E       F
            +---------+---------+-------+---------+---------+-------
      Total |     927 |     417 |  31.0 |      92 |       3 |   3.2
            +---------+---------+-------+---------+---------+-------
        D:1 |      42 |       0 |   0.0 |      18 |       0 |   0.0
        D:2 |      72 |       0 |   0.0 |      24 |       0 |   0.0
        D:3 |     114 |       0 |   0.0 |      30 |       0 |   0.0
        D:4 |     421 |       0 |   0.0 |      11 |       0 |   0.0
        D:5 |     278 |     417 |  60.0 |       9 |       3 |  25.0
            +---------+---------+-------+---------+---------+-------
